Match 45339450
Unlisted

Match 45339450
End
Selects Heavy Armor Battlegroup
Selects Heavy Armor Battlegroup
Construct Section Command Post
Royal Engineer Section
Dingo Light Scout Car
Infantry Section
Infantry Section
Infantry Section
Construct Platoon Command Post
Selects Light Vehicle Withdraw and Refit
Light Vehicle Withdraw and Refit
Humber Armored Car
Humber Armored Car
Infantry Section
Unlock M3 Stuart Light Tanks
M3 Stuart Light Tank
Light Vehicle Withdraw and Refit
M3 Stuart Light Tank
Light Vehicle Withdraw and Refit
Selects Rigorous Vehicle Training
Selects Forward Repair Assembly
Construct Company Command Post
Unlock Bishop Self-propelled Artillery
Foot Guards Section
Foot Guards Section
4IRT
Vishtan
pagep
7k this year for sure
0
0

Comments sign in to comment!

No comments posted yet!